 Dungeon Crawl Stone Soup version 0.26-a0-663-g36e8fdb655 (webtiles) character file.

Game seed: 12438400760462669477

327 jiml777 the Grasshopper (level 6, -6/51 HPs)
             Began as a Gnoll Warper on Oct 11, 2020.
             Mangled by Duvessa
             ... wielding a +0 rapier
              (7 damage)
             ... on level 4 of the Dungeon.
             The game lasted 00:16:35 (3839 turns).

jiml777 the Grasshopper (Gnoll Warper)              Turns: 3839, Time: 00:16:35

Health: -6/51      AC:  9    Str: 13    XL:     6   Next: 50%
Magic:  12/14      EV: 13    Int: 18    God:
Gold:   94         SH:  0    Dex: 14    Spells: 13/15 levels left

rFire    . . .     SeeInvis .   a - +1 spear
rCold    + . .     Faith    .   (no shield)
rNeg     . . .     Spirit   .   l - +0 ring mail
rPois    .         Reflect  .   (no helmet)
rElec    .         Harm     .   (no cloak)
rCorr    .         Rampage  .   (no gloves)
MR       .....                  (no boots)
Stlth    +.........             (no amulet)
HPRegen  0.17/turn              c - +4 ring of protection
MPRegen  0.14/turn              y - ring of protection from cold

@: no status effects
A: distributed training, fangs 1, strong nose
a: no special abilities


You were on level 4 of the Dungeon.
You visited 1 branch of the dungeon, and saw 4 of its levels.

You collected 94 gold pieces.

Inventory:

Hand Weapons
 a - a +1 spear (weapon)
Missiles
 e - 4 boomerangs of dispersal
 h - 19 bolts
 m - 50 sling bullets
 r - 79 arrows
 s - an atropa-tipped dart (quivered)
Armour
 b - a +0 leather armour
 l - a +0 ring mail (worn)
Jewellery
 c - a +4 ring of protection (left hand)
 y - a ring of protection from cold (right hand)
Scrolls
 d - a scroll of blinking
 g - 3 scrolls of remove curse
 i - 4 scrolls of teleportation
 j - 3 scrolls of fear
 n - 2 scrolls of amnesia
 o - 2 scrolls of enchant weapon
 q - a scroll of magic mapping
Potions
 f - a potion of curing
 p - a potion of berserk rage
 t - a potion of stabbing {unknown}
 v - 2 potions of lignification
 w - a potion of heal wounds {unknown}
 x - a potion of cancellation {unknown}


   Skills:
 + Level 5.0 Fighting
 + Level 2.0 Short Blades
 + Level 2.0 Long Blades
 + Level 2.0 Axes
 + Level 2.0 Maces & Flails
 + Level 5.0 Polearms
 + Level 2.0 Staves
 + Level 2.0 Slings
 + Level 2.0 Bows
 + Level 2.0 Crossbows
 + Level 3.2 Throwing
 + Level 3.2 Armour
 + Level 5.0 Dodging
 + Level 2.0 Stealth
 + Level 2.0 Shields
 + Level 2.0 Unarmed Combat
 + Level 5.4 Spellcasting
 + Level 1.5 Conjurations
 + Level 1.5 Hexes
 + Level 1.5 Summonings
 + Level 1.5 Necromancy
 + Level 5.6 Translocations
 + Level 1.5 Transmutations
 + Level 1.5 Fire Magic
 + Level 1.5 Ice Magic
 + Level 1.5 Air Magic
 + Level 1.5 Earth Magic
 + Level 1.5 Poison Magic
 + Level 2.2 Invocations
 + Level 2.0 Evocations


You had 13 spell levels left.
You knew the following spells:

 Your Spells              Type           Power        Failure   Level
a - Blink                 Tloc           N/A          3%          2

Your spell library contained the following spells:

 Spells                   Type           Power        Failure   Level
 Gell's Gravitas          Tloc           ####......   8%          3
 Lesser Beckoning         Tloc           ####......   8%          3
 Teleport Other           Tloc           ####....     8%          3
 Passage of Golubria      Tloc           N/A          26%         4


Dungeon Overview and Level Annotations

Branches:
Dungeon (4/15)
 Temple: D:4-7

Altars:
Ashenzari
Elyvilon
Fedhas
Hepliaklqana
Qazlal

Annotations:
D:3 1 runed translucent door
D:4 Dowan, Duvessa


Innate Abilities, Weirdness & Mutations

Your experience applies equally to all skills.
You have very sharp teeth.
Your uncanny sense of smell can sniff out nearby items.


Message History

* * * LOW HITPOINT WARNING * * *
You hit Duvessa.
Duvessa is severely wounded.
Dowan says, "My weaknesses are her strengths!"
You hit Duvessa but do no damage.
Duvessa is severely wounded.
Duvessa hits you with a +0 rapier.
* * * LOW HITPOINT WARNING * * *
You barely miss Duvessa. You bite Duvessa, but do no damage.
Duvessa is severely wounded.
Duvessa closely misses you.
You barely miss Duvessa. You bite Duvessa, but do no damage.
Duvessa is severely wounded.
Dowan is no longer blind.
Duvessa hits you but does no damage.
You hit Duvessa but do no damage.
Duvessa is severely wounded.
You hit Duvessa but do no damage. You bite Duvessa, but do no damage.
Duvessa is severely wounded.
Duvessa hits you with a +0 rapier!
You die...

.## ####+######### ..
.. #............# ...##
#............# ∆ ...##
#.....>..(...# ......
#............+ .......
#............# .......
#............# .....##
#.. #@# .##.# #....##
##..##e##.##.####[...##
#.....e....((.........#
#.........((..........#
#......(..(..........##
#......[(............##
######....###..###...##
∆ #....# #..###...##
.......#.........).


You could see Duvessa and Dowan.

Vanquished Creatures
  A black bear (D:3)
  An orc priest (D:3)
  2 worker ants (D:4)
  4 gnolls (D:2)
  3 adders
  A shadow imp (D:3)
  3 worms
  2 dart slugs
  2 leopard geckos (D:3)
  7 orcs
  4 bats
  5 giant cockroaches
  8 goblins
  7 hobgoblins
  A quokka (D:2)
  7 frilled lizards
  5 kobolds
  12 rats
75 creatures vanquished.

Notes
Turn   | Place    | Note
-------+----------+-------------------------------------------
     0 | D:1      | jiml777 the Gnoll Warper began the quest for the Orb.
     0 | D:1      | Reached XP level 1. HP: 20/20 MP: 6/6
    81 | D:1      | Reached XP level 2. HP: 26/26 MP: 7/7
   463 | D:1      | Reached XP level 3. HP: 31/31 MP: 9/9
   467 | D:1      | Learned a level 2 spell: Blink
   674 | D:2      | Reached skill level 5 in Spellcasting
   720 | D:2      | Reached skill level 1 in Invocations
   838 | D:2      | Reached skill level 1 in Short Blades
   838 | D:2      | Reached skill level 1 in Long Blades
   838 | D:2      | Reached skill level 1 in Axes
   838 | D:2      | Reached skill level 1 in Maces & Flails
   838 | D:2      | Reached skill level 1 in Staves
   838 | D:2      | Reached skill level 1 in Slings
   838 | D:2      | Reached skill level 1 in Bows
   838 | D:2      | Reached skill level 1 in Crossbows
   838 | D:2      | Reached skill level 1 in Stealth
   838 | D:2      | Reached skill level 1 in Shields
   838 | D:2      | Reached skill level 1 in Unarmed Combat
   838 | D:2      | Reached skill level 1 in Evocations
   926 | D:2      | Reached XP level 4. HP: 31/38 MP: 11/11
   940 | D:2      | Reached skill level 1 in Conjurations
   940 | D:2      | Reached skill level 1 in Hexes
   940 | D:2      | Reached skill level 1 in Summonings
   940 | D:2      | Reached skill level 1 in Necromancy
   940 | D:2      | Reached skill level 1 in Transmutations
   940 | D:2      | Reached skill level 1 in Fire Magic
   940 | D:2      | Reached skill level 1 in Ice Magic
   940 | D:2      | Reached skill level 1 in Air Magic
   940 | D:2      | Reached skill level 1 in Earth Magic
   940 | D:2      | Reached skill level 1 in Poison Magic
  1773 | D:3      | Noticed a black bear
  1796 | D:3      | Killed a black bear
  1796 | D:3      | Reached XP level 5. HP: 13/43 MP: 4/12
  2201 | D:3      | Found a white marble altar of Elyvilon.
  2202 | D:3      | Found a runed translucent door.
  2202 | D:3      | Noticed an angel
  2341 | D:3      | Reached XP level 6. HP: 50/50 MP: 13/13
  2692 | D:3      | Found a blossoming altar of Fedhas.
  2693 | D:3      | Found a hazy altar of Hepliaklqana.
  2702 | D:3      | Found a broken altar of Ashenzari.
  2702 | D:3      | Found a stormy altar of Qazlal.
  3394 | D:4      | Reached skill level 5 in Fighting
  3394 | D:4      | Reached skill level 5 in Polearms
  3394 | D:4      | Reached skill level 5 in Dodging
  3415 | D:4      | HP: 2/51 [poisoned by a worker ant]
  3794 | D:4      | Noticed Dowan
  3795 | D:4      | Noticed Duvessa
  3835 | D:4      | HP: 1/51 [Duvessa/+0 rapier (3)]
  3839 | D:4      | Mangled by Duvessa

Illustrated notes

Levels and vault maps discovered:
D:1:      giann_bridges, layout_basic
D:2:      layout_basic, serial_rivers, chequers_serial_rivers_room_a,
          chequers_serial_rivers_small_a, chequers_serial_rivers_micro_b,
          chequers_serial_rivers_micro_e, chequers_serial_rivers_micro_c,
          chequers_serial_rivers_large_b
D:3:      layout_basic, grunt_temple_overflow_cloverleaf, lemuel_angel_altar
D:4:      layout_gridville, gammafunk_ghost_stat_death, uniq_duvessa

Skill      XL: |  1  2  3  4  5  6 |
---------------+-------------------+-----
Spellcasting   | 5 |  5.4
Invocations    | 1 2 |  2.2
Short Blades   | 1 2 |  2.0
Long Blades    | 1 2 |  2.0
Axes           | 1 2 |  2.0
Maces & Flails | 1 2 |  2.0
Staves         | 1 2 |  2.0
Slings         | 1 2 |  2.0
Bows           | 1 2 |  2.0
Crossbows      | 1 2 |  2.0
Stealth        | 1 2 |  2.0
Shields        | 1 2 |  2.0
Unarmed Combat | 1 2 |  2.0
Evocations     | 1 2 |  2.0
Conjurations   | 1 |  1.5
Hexes          | 1 |  1.5
Summonings     | 1 |  1.5
Necromancy     | 1 |  1.5
Transmutations | 1 |  1.5
Fire Magic     | 1 |  1.5
Ice Magic      | 1 |  1.5
Air Magic      | 1 |  1.5
Earth Magic    | 1 |  1.5
Poison Magic   | 1 |  1.5
Throwing       | 3 |  3.2
Armour         | 3 |  3.2
Fighting       | 5 |  5.0
Polearms       | 5 |  5.0
Dodging        | 5 |  5.0
Translocations | |  5.6

Action                   |  1- 3 |  4- 6 || total
-------------------------+-------+-------++-------
Melee: Spear             |   136 |   251 ||   387
       Bite              |    13 |    33 ||    46
       Punch             |       |     1 ||     1
Throw: Dart              |     2 |     7 ||     9
       Boomerang         |     1 |       ||     1
       Javelin           |       |     7 ||     7
 Cast: Blink             |       |     6 ||     6
  Use: Scroll            |       |    10 ||    10
Armor: Leather armour    |    16 |       ||    16
       Ring mail         |    23 |    81 ||   104
Dodge: Dodged            |    70 |   172 ||   242

Table legend: (Time is in decaauts)
 A = Elapsed time spent in this place.
 B = Non-inter-level travel time spent in this place.
 C = Inter-level travel time spent in this place.
 D = Time resting spent in this place.
 E = Time spent auto-exploring this place.
 F = Levels seen in this place.
 G = Mean time per level.
                   A        B        C        D        E       F      G
               +--------+--------+--------+--------+--------+-----+--------+
         Total |   3810 |   3745 |     65 |   1416 |   1372 |   4 |  952.5 |
       Dungeon |   3810 |   3745 |     65 |   1416 |   1372 |   4 |  952.5 |
               +--------+--------+--------+--------+--------+-----+--------+

Top non-repeatable levels by time:
     D:3: 1575 daAuts
     D:2: 1140 daAuts
     D:1: 632 daAuts
     D:4: 461 daAuts
